 Dungeon Crawl Stone Soup version 0.32-a0-913-g739538afd8 (webtiles) character file.

Game seed: 11532807899643929496

434 Autsider the Trooper (level 7, -12/70 HPs)
             Began as an Oni Hedge Wizard on Apr 8, 2024.
             Mangled by an ice beast (14 damage)
             ... on level 5 of the Dungeon.
             The game lasted 00:13:14 (6008 turns).

Autsider the Trooper (Oni Hedge Wizard)             Turns: 6008, Time: 00:13:15

Health: -12/70     AC:  2    Str: 15    XL:     7   Next: 0%
Magic:  4/13       EV:  9    Int: 17    God:
Gold:   208        SH:  0    Dex:  8    Spells: 6/14 levels left

rFire   . . .        i - +0 club
rCold   . . .        (no shield)
rNeg    . . .        (body armour restricted)
rPois   .            c - +0 hat
rElec   .            t - +0 cloak
rCorr   .            (gloves unavailable)
SInv    .            (boots unavailable)
Will    .....        (no amulet)
Stlth   +            (no ring)
HPRegen 0.31/turn    (no ring)
MPRegen 0.13/turn

%: no passive effects
@: very slightly contaminated
A: large, unfitting armour, horns 1, tough skin 1, double potion healing,
drunken brawling
a: no special abilities


You were on level 5 of the Dungeon.
You visited 1 branch of the dungeon, and saw 5 of its levels.

You collected 208 gold pieces.

Inventory:

Hand Weapons
 g - a +3 sling
 i - a +0 club (weapon)
Armour
 c - a +0 hat (worn)
 t - a +0 cloak (worn)
Talismans
 m - a maw talisman
Scrolls
 a - a scroll of blinking
 b - a scroll of poison {unknown}
 e - a scroll of enchant weapon {unknown}
 k - a scroll of immolation {unknown}
 n - a scroll of enchant armour {unknown}
 o - a scroll of torment {unknown}
 s - a scroll of identify {@r1}
 u - a scroll of vulnerability {unknown}
Potions
 d - a potion of magic
 f - a potion of invisibility {unknown}
 h - 2 potions of attraction
 j - 2 potions of lignification
 l - a potion of might {unknown}
 p - 2 potions of brilliance {unknown}
 q - a potion of cancellation {unknown}
 r - 2 potions of curing


   Skills:
 + Level 4.1 Fighting
 + Level 3.4 Dodging
 - Level 1.4 Stealth
 - Level 4.0 Spellcasting
 - Level 3.0 Conjurations
 + Level 2.9 Summonings
 - Level 0.8 Translocations
 + Level 0.6 Air Magic
 + Level 0.5 Alchemy


You had 6 spell levels left.
You knew the following spells:

 Your Spells              Type           Power      Damage    Failure   Level
a - Magic Dart            Conj           52%        1d5       4%          1
w - Mephitic Cloud        Conj/Alch/Air  8%         N/A       26%         3
z - Blink                 Tloc           12%        N/A       17%         2
A - Call Imp              Summ           26%        N/A       7%          2

Your spell library contained the following spells:

 Spells                   Type           Power      Damage    Failure   Level
 Slow                     Hex            12%        N/A       16%         1
 Cigotuvi's Dreadful Rot  Necr/Alch/Air  8%         N/A       21%         2
 Conjure Ball Lightning   Conj/Air       4%         3x3d6     100%        6
 Discord                  Hex            1%         N/A       100%        8
 Disjunction              Tloc           3%         N/A       100%        8


Dungeon Overview and Level Annotations

Branches:
Dungeon (5/15)
 Temple: D:4-7

Altars:
Qazlal
Wu Jian

Annotations:
D:4 exclusion: black bear
D:5 Dowan


Innate Abilities, Weirdness & Mutations

You are too large for most types of armour.
You have a pair of small horns on your head.
You have tough skin. (AC +1)
You gain doubled healing and magic from potions.
Whenever you drink a healing potion, you attack all around you.


Message History

Your cerulean imp disappears in a puff of smoke!
Casting: Magic Dart (safe; 4% risk of failure)
Confirm with . or Enter, or press ? or * to list all spells.
A tiny devil pulls itself out of the air.
The ice beast closely misses your cerulean imp.
Your cerulean imp completely misses the ice beast.
The ice beast hits your cerulean imp.
The ice beast freezes your cerulean imp.
Your cerulean imp hits the ice beast but does no damage.
The ice beast hits your cerulean imp but does no damage.
Your cerulean imp closely misses the ice beast.
The ice beast hits your cerulean imp.
The ice beast freezes your cerulean imp!
Your cerulean imp dies!
Your cerulean imp disappears in a puff of smoke!
Casting: Call Imp (safe; 7% risk of failure)
Confirm with . or Enter, or press ? or * to list all spells.
You miscast Call Imp.
You are very lightly contaminated with residual magic.
Nothing appears to happen.
Casting: Call Imp (safe; 7% risk of failure)
Confirm with . or Enter, or press ? or * to list all spells.
A tiny devil pulls itself out of the air.
The ice beast hits you.
* * * LOW HITPOINT WARNING * * *
The ice beast freezes you!
* * * LOW HITPOINT WARNING * * *
Casting: Call Imp (safe; 7% risk of failure)
Confirm with . or Enter, or press ? or * to list all spells.
A tiny devil pulls itself out of the air.
Your cerulean imp disappears in a puff of smoke!
The ice beast hits you.
* * * LOW HITPOINT WARNING * * *
The ice beast freezes you!
* * * LOW HITPOINT WARNING * * *
The ice beast attacks as it pursues you!
The ice beast hits you.
* * * LOW HITPOINT WARNING * * *
The ice beast freezes you!
You die...

#. #####. .##.....## #####.#
####### .........###....
##.....#
............§##########.......
............§.##..............
..........###.##..............
..........# #Y##..............
.........Y###@##......).......
........<.##.5................
...........................)..
............#.###.............
...###...####..###.....#.(...#
## #..### ##.# #############
...# #.# ...# #.§.....# ...
#.......#


You could see an ice beast (ally target) and a friendly cerulean imp (summoned).

Vanquished Creatures
  A phantom (D:4)
  A scorpion (D:4)
  A ribbon worm (D:3)
  3 dart slugs
  An orc (D:4)
  A bat (D:2)
  8 endoplasms
  4 giant cockroaches
  12 goblins
  8 hobgoblins
  4 kobolds
  6 quokkas
  11 ball pythons
  3 frilled lizards
  8 rats
72 creatures vanquished.

Vanquished Creatures (collateral kills)
  A kobold brigand (D:4)
  A scorpion (D:4)
  A hound (D:4)
  A sleepcap (D:4)
  2 adders (D:2)
  A bat (D:2)
  A rat (D:2)
8 creatures vanquished.

Grand Total: 80 creatures vanquished

Notes
Turn   | Place    | Note
-------+----------+-------------------------------------------
     0 | D:1      | Autsider the Oni Hedge Wizard began the quest for the Orb.
     0 | D:1      | Reached XP level 1. HP: 16/16 MP: 5/5
   164 | D:1      | Reached skill level 1 in Conjurations
   164 | D:1      | Reached skill level 1 in Summonings
   294 | D:1      | Reached XP level 2. HP: 26/26 MP: 1/6
   297 | D:1      | Learned a level 2 spell: Call Imp
   300 | D:1      | Learned a level 2 spell: Blink
   404 | D:1      | Reached skill level 1 in Fighting
  1123 | D:1      | Reached XP level 3. HP: 33/33 MP: 6/8
  1635 | D:2      | Found an ornate altar of the Wu Jian Council.
  1994 | D:2      | Reached XP level 4. HP: 42/42 MP: 3/10
  2481 | D:2      | Found a faded altar of an unknown god.
  3753 | D:4      | Noticed a kobold brigand
  3778 | D:4      | Killed a kobold brigand
  3779 | D:4      | Reached XP level 5. HP: 25/52 MP: 1/11
  3783 | D:4      | Learned a level 3 spell: Mephitic Cloud
  4338 | D:4      | Reached XP level 6. HP: 42/61 MP: 1/12
  4529 | D:4      | Found a stormy altar of Qazlal.
  4960 | D:4      | Noticed a black bear
  5264 | D:5      | Entered Level 5 of the Dungeon
  5268 | D:5      | Noticed Dowan
  5321 | D:4      | HP: 3/62 [sleepcap (19)]
  5564 | D:4      | Reached XP level 7. HP: 17/70 MP: 0/13
  6008 | D:5      | HP: 2/70 [ice beast (4)]
  6008 | D:5      | Mangled by an ice beast

Illustrated notes

Levels and vault maps discovered:
D:1:      minmay_arrival_stair_chambers, layout_basic
D:2:      layout_rooms, basic_altar, nicolae_ecumenical_lake_church
D:3:      layout_basic
D:4:      layout_loops_corners, mainiacjoe_overflow_small_starburst,
          hangedman_abyss_or_decor_passed
D:5:      layout_rooms, serial_rivers, chequers_serial_rivers_large_b,
          chequers_serial_rivers_micro_b, chequers_serial_rivers_micro_c,
          chequers_serial_rivers_room_b, chequers_serial_rivers_small_3,
          nicolae_elevator_lobby_plus, uniq_duvessa

Skill      XL: |  1  2  3  4  5  6 |
---------------+-------------------+-----
Conjurations   | 1 2 3 |  3.0
Summonings     | 1 2 |  2.9
Fighting       | 1 2 3 4 |  4.1
Dodging        | 2 3 |  3.4
Spellcasting   | 4 |  4.0
Stealth        | |  1.4
Translocations | |  0.8
Air Magic      | |  0.6
Alchemy        | |  0.5

Action                     |  1- 3 |  4- 6 |  7- 9 || total
---------------------------+-------+-------+-------++-------
  Melee: Unarmed           |     5 |       |       ||     5
         Club              |    18 |    42 |     6 ||    66
         Headbutt          |     3 |     8 |     3 ||    14
   Cast: Magic Dart        |    96 |   125 |     6 ||   227
         Call Imp          |     3 |    13 |     8 ||    24
    Use: Scroll            |       |     4 |       ||     4
 Armour: Skin              |    30 |    76 |    19 ||   125
  Dodge: Dodged            |    20 |    51 |     8 ||    79

Table legend: (Time is in decaauts)
 A = Elapsed time spent in this place.
 B = Non-inter-level travel time spent in this place.
 C = Inter-level travel time spent in this place.
 D = Time resting spent in this place.
 E = Time spent auto-exploring this place.
 F = Levels seen in this place.
 G = Mean time per level.
                   A        B        C        D        E       F      G
               +--------+--------+--------+--------+--------+-----+--------+
         Total |   6031 |   5820 |    211 |    622 |   4418 |   5 | 1206.2 |
       Dungeon |   6031 |   5820 |    211 |    622 |   4418 |   5 | 1206.2 |
               +--------+--------+--------+--------+--------+-----+--------+

Top non-repeatable levels by time:
     D:4: 2175 daAuts
     D:1: 1554 daAuts
     D:2: 1087 daAuts
     D:3: 1067 daAuts
     D:5: 147 daAuts
